 Dungeon Crawl Stone Soup version 0.25-a0-860-gf695395b5c (webtiles) character file.

Game seed: 14066329473136477976, levelgen mode: deterministic

1069 Maedhros the Insei (level 8, -3/48 HPs)
             Began as an Octopode Artificer on Apr 29, 2020.
             Slain by a human
             ... wielding a +0 club
              (4 damage)
             ... on level 7 of the Dungeon.
             The game lasted 00:11:33 (2283 turns).

Maedhros the Insei (Octopode Artificer)             Turns: 2283, Time: 00:11:33

Health: -3/48      AC:  1    Str:  9 (11) XL:     8   Next: 28%
Magic:  10/10      EV: 15    Int: 13 (14) God:
Gold:   163        SH:  0    Dex: 12 (14) Spells: 5/7 levels left

rFire    . . .     SeeInvis .   j - +2 short sword (freeze)
rCold    . . .     Gourm    .   (no shield)
rNeg     . . .     Faith    .   (helmet restricted)
rPois    +         Spirit   .   (no amulet)
rElec    .         Reflect  .   o - +2 ring of evasion
rCorr    .         Harm     .   (no ring)
MR       .....                  (no ring)
Stlth    +++.......             (no ring)
HPRegen  0.16/turn              (no ring)
MPRegen  0.12/turn              (no ring)
                                (no ring)
                                (no ring)

@: no status effects
A: almost no armour, stealthy swim, amphibious, 8 rings, constrict 8, antennae
1, camouflage 1, blurry vision 1, poison resistance, gelatinous body 1
a: no special abilities


You were on level 7 of the Dungeon.
You were hungry.

You visited 1 branch of the dungeon, and saw 7 of its levels.

You collected 163 gold pieces.

Inventory:

Hand Weapons
 a - a +0 short sword
 h - a +0 hunting sling
 j - a +2 short sword of freezing (weapon)
 q - a +0 vorpal morningstar
Missiles
 i - 30 stones (quivered)
 k - 7 datura-tipped darts
 s - 7 poisoned darts
Armour
 b - a +0 kite shield
Jewellery
 o - a +2 ring of evasion (left tentacle)
Wands
 t - a wand of acid (6)
Scrolls
 g - 4 scrolls of identify {unknown}
 l - a scroll of random uselessness {unknown}
 m - 2 scrolls of amnesia {unknown}
 n - 2 scrolls of fog {unknown}
 p - a scroll of magic mapping {unknown}
 r - 2 scrolls of fear {unknown}
 u - a scroll of blinking {unknown}
 v - 2 scrolls of remove curse {unknown}
Potions
 d - a potion of mutation
 e - 2 potions of brilliance
 x - a potion of flight
Comestibles
 f - 8 rations


   Skills:
 - Level 1.0 Fighting
 - Level 1.0 Short Blades
 - Level 2.0 Dodging
 - Level 4.0 Stealth
 + Level 7.4 Unarmed Combat
 + Level 4.7 Summonings
 - Level 3.2 Evocations


You had 5 spell levels left.
You knew the following spells:

 Your Spells              Type           Power        Failure   Level  Hunger
a - Call Imp              Summ           ##......     7%          2    ###....

Your spell library contained the following spells:

 Spells                   Type           Power        Failure   Level  Hunger
 Magic Dart               Conj           #...         30%         1    ##.....
 Blink                    Tloc           N/A          43%         2    ###....
 Slow                     Hex            #.......     43%         2    ###....
 Conjure Flame            Conj/Fire      #.......     67%         3    ####...
 Mephitic Cloud           Conj/Pois/Air  #.......     67%         3    ####...


Dungeon Overview and Level Annotations

Branches:
Dungeon (7/15)
 Temple: D:4-7

Altars:
Ashenzari
Dithmenos
Hepliaklqana
Okawaru
Ru
Wu Jian


Innate Abilities, Weirdness & Mutations

You cannot wear most types of armour.
You are very stealthy in the water. (Stealth+)
You are amphibious.
You can wear up to eight rings at the same time.
You can use your tentacles to constrict eight enemies at once.
Your skin changes colour to match your surroundings (Stealth+).
Your rubbery body absorbs attacks. (AC +1, EV +1)
You have a pair of small antennae on your head.
Scrolls take you a little longer to read.
Your system is resistant to poisons. (rPois)


Message History

Evoke which item? (* to show all) (? for menu, Esc to quit)
Aiming: Corrosive Bolt
Press: ? - help, Shift-Dir - straight line, f - human
Aim: a human, wielding a +0 club and wearing a +0 animal skin (heavily wounded)
The bolt of acid hits the human!
The human is splashed with acid!
The acid corrodes the human!
The human is heavily wounded.
The bolt of acid misses the human.
The human shoots a sling bullet.
The sling bullet barely misses you. The human hits you with a +0 club.
* * * LOW HITPOINT WARNING * * *
Unknown command.
The human shoots a sling bullet.
The sling bullet hits you!
* * * LOW HITPOINT WARNING * * *
You see here a sling bullet.
Okay, then.
It was a potion of mutation.
You feel extremely strange.
Your vision blurs.
A pair of antennae grows on your head!
You feel resistant to poisons. The human hits you with a +0 club.
You die...

#.........###
#...........#
#...........#
#(%)..p......
#.....###+#..
#..(..#
#.....#####
#p(.........
#######@p.......#.
......(<..........
.................$
(...............#.
................#
.....#..........#
....###.........#
.... #.........
... ....[..>.


You could see 3 humans.

Vanquished Creatures
  An ice beast (D:6)
  2 ogres
  A scorpion (D:4)
  A wight (D:3)
  2 jellies
  A howler monkey (D:5)
  A crimson imp (D:6)
  3 hounds
  2 orc priests
  A centaur skeleton (D:4)
  An iguana (D:4)
  An orc wizard (D:4)
  3 worker ants (D:4)
  2 hound zombies (D:4)
  2 hound skeletons (D:4)
  2 gnolls (D:6)
  A shadow imp (D:5)
  An adder skeleton (D:6)
  An adder zombie (D:4)
  2 leopard geckos
  16 orcs
  4 giant cockroaches
  3 goblins
  3 hobgoblins
  4 kobolds
  A quokka (D:5)
  3 ball pythons
  6 bats
  4 frilled lizards
  2 quokka zombies (D:4)
  3 rats (D:3)
80 creatures vanquished.

Vanquished Creatures (collateral kills)
  A black bear (D:6)
  A wight (D:3)
  An orc priest (D:3)
  A bullfrog skeleton (D:4)
  An orc wizard (D:4)
  A worker ant (D:6)
  2 adders
  A worm (D:3)
  A leopard gecko (D:4)
  9 orcs
  A goblin (D:3)
  A giant cockroach zombie (D:6)
21 creatures vanquished.

Vanquished Creatures (others)
  A centaur (D:6)
  Terence (D:3)
  A scorpion (D:6)
  2 wights (D:3)
  An orc priest (D:5)
  An orc wizard (D:3)
  A gnoll (D:6)
  2 orcs
10 creatures vanquished.

Grand Total: 111 creatures vanquished

Notes
Turn   | Place    | Note
-------+----------+-------------------------------------------
     0 | D:1      | Maedhros the Octopode Artificer began the quest for the
                  | Orb.
     0 | D:1      | Reached XP level 1. HP: 13/13 MP: 3/3
    55 | D:1      | Reached XP level 2. HP: 8/18 MP: 4/4
   225 | D:3      | Noticed a wight
   228 | D:3      | Noticed a wight
   230 | D:3      | Noticed a wight
   323 | D:2      | Found an iron altar of Okawaru.
   574 | D:3      | Reached XP level 3. HP: 21/23 MP: 5/5
   588 | D:3      | Reached skill level 1 in Unarmed Combat
   661 | D:3      | Reached skill level 2 in Unarmed Combat
   682 | D:3      | Noticed Terence
   706 | D:3      | Reached XP level 4. HP: 11/28 MP: 6/6
   712 | D:3      | Reached skill level 3 in Unarmed Combat
   734 | D:3      | Your ally died
   801 | D:3      | Found a sacrificial altar of Ru.
   928 | D:3      | Reached XP level 5. HP: 11/33 MP: 7/7
   977 | D:3      | Found a hazy altar of Hepliaklqana.
   979 | D:3      | Found a shadowy altar of Dithmenos.
   980 | D:3      | Noticed a shadow
  1141 | D:4      | Reached skill level 4 in Unarmed Combat
  1170 | D:4      | Reached XP level 6. HP: 21/38 MP: 8/8
  1274 | D:4      | Reached skill level 5 in Unarmed Combat
  1303 | D:4      | Learned a level 2 spell: Call Imp
  1419 | D:4      | Reached skill level 1 in Summonings
  1435 | D:4      | Found a shattered altar of Ashenzari.
  1557 | D:4      | Reached skill level 6 in Unarmed Combat
  1557 | D:4      | Reached XP level 7. HP: 4/43 MP: 9/9
  1614 | D:5      | Entered Level 5 of the Dungeon
  1644 | D:5      | Found an iron altar of Okawaru.
  1984 | D:6      | Reached skill level 7 in Unarmed Combat
  1999 | D:6      | Reached XP level 8. HP: 35/48 MP: 10/10
  2059 | D:6      | Found an ornate altar of the Wu Jian Council.
  2111 | D:6      | HP: 2/48 [worker ant (6)]
  2281 | D:7      | HP: 1/48 [human/sling bullet (11)]
  2283 | D:7      | Gained mutation: Scrolls take you a little longer to read.
                  | [potion of mutation]
  2283 | D:7      | Gained mutation: You have a pair of small antennae on your
                  | head. [potion of mutation]
  2283 | D:7      | Gained mutation: Your system is resistant to poisons.
                  | (rPois) [potion of mutation]
  2283 | D:7      | Slain by a human

Levels and vault maps discovered:
D:1:      ncdulo_lavacross, layout_rooms, minmay_tree_intersection,
          serial_bayou_lagoon_b
D:2:      layout_basic, lemuel_coloured_pillars_altar
D:3:      layout_loops_cross, riverfiend_overflow_shadow_ancestor,
          hangedman_ru_absence, uniq_terence
D:4:      layout_gridville, lemuel_crystal_altar,
          minmay_temple_entry_proselytizer, serial_undead, serial_undead_a,
          serial_undead_a, serial_undead_b, serial_undead_e
D:5:      layout_basic, first_ration, serial_shops, kennysheep_mini,
          kennysheep_okawaru_gauntlet
D:6:      layout_loops_cross, nicolae_overflow_crystal_walls,
          chequers_serial_rivers_micro_c
D:7:      layout_rooms, grunt_temple_overflow_gold_and_silver, grunt_livestock,
          grunt_decor_arrowhead, minmay_ruffians, uniq_joseph

Skill      XL: |  1  2  3  4  5  6  7 |
---------------+----------------------+-----
Stealth        | 2 4 |  4.0
Unarmed Combat | 2 3 4 6 7 |  7.4
Summonings     | 1 4 |  4.7
Fighting       | |  1.0
Short Blades   | |  1.0
Dodging        | |  2.0
Evocations     | |  3.2

Action                   |  1- 3 |  4- 6 |  7- 9 || total
-------------------------+-------+-------+-------++-------
Melee: Short sword       |    61 |    68 |    47 ||   176
       Constrict         |    15 |    17 |    10 ||    42
       Tentacles         |     6 |    16 |     3 ||    25
       Punch             |       |     1 |     1 ||     2
Evoke: Wand              |    15 |    13 |    32 ||    60
  Use: Potion            |     3 |       |     6 ||     9
 Stab: Sleeping          |     6 |       |     3 ||     9
       Distracted        |       |     1 |     1 ||     2
  Eat: Chunk             |       |     2 |     2 ||     4
Armor: Skin              |     5 |     3 |     2 ||    10
Dodge: Dodged            |    57 |    51 |    27 ||   135

Table legend:
 A = Non-vault XP
 B = Vault XP
 C = Vault XP percentage of total XP
 D = Non-vault monster count
 E = Vault monster count
 F = Vault count percentage of total count
                 A         B        C        D         E       F
            +---------+---------+-------+---------+---------+-------
      Total |    1440 |      88 |   5.8 |      93 |       8 |   7.9
            +---------+---------+-------+---------+---------+-------
        D:1 |      11 |       0 |   0.0 |       7 |       0 |   0.0
        D:2 |      15 |       0 |   0.0 |       9 |       0 |   0.0
        D:3 |     165 |       0 |   0.0 |      31 |       0 |   0.0
        D:4 |     354 |      88 |  19.9 |      15 |       8 |  34.8
        D:5 |     318 |       0 |   0.0 |      15 |       0 |   0.0
        D:6 |     577 |       0 |   0.0 |      16 |       0 |   0.0
            +---------+---------+-------+---------+---------+-------
